Vera, lawful female human Valkyrie ------- ---------- |.....| ........| #......| |........| #|.....|# #|........| ###|......#########|........| #|.....|# # ###.........| #|..>..| --.------- #-------# ### ######%%# # # # ## # ---.---- # |......| d .......| @ |..{...| d -------- Vera the Skirmisher Experience level: 5 Strength: 18 Dexterity: 14 Constitution: 18 Intelligence: 7 Wisdom: 10 Charisma: 8 Health: 0(47) Energy: 16(16) Def: 9 Gold: 715 Moves: 1927 Dungeon seed: 0wfJqs_ozwndibLs Game ID: Vera_1527845219 Your Inventory: Coins $ - 715 gold pieces Weapons a - a +1 long sword (weapon in hand) b - a +0 dagger (in quiver) i - a +0 axe s - a +3 flail Armor e - an uncursed +3 small shield (being worn) n - an uncursed +0 pair of jumping boots (being worn) q - an uncursed +0 ring mail (being worn) r - an uncursed +0 orcish helm (being worn) y - an uncursed +0 dwarvish iron helm z - a blessed +0 pair of iron shoes Comestibles c - 4 uncursed food rations k - an uncursed egg t - 2 uncursed cram rations x - an uncursed fortune cookie B - an uncursed tripe ration Scrolls f - an uncursed scroll of enchant weapon h - an uncursed scroll of fire v - an uncursed scroll of confuse monster A - a cursed scroll of food detection C - a blessed scroll of food detection D - an uncursed scroll of blank paper Potions g - an uncursed potion of monster detection j - a potion of holy water l - a blessed potion of sickness Tools d - an uncursed oil lamp (0:1417) w - an uncursed magic lamp Spells and supernatural/magical abilities: Name Level Category Fail Memory W - pray for help -- divine ? -- Y - supernatural jump -- ability ? -- Your skills at the end: Fighting Skills Weapon Skills dagger [Basic] long sword [Basic] Spellcasting Skills Final Attributes: You were piously aligned. You were cold resistant. You were stealthy. You could jump. You were a werewolf. You are dead. Vanquished creatures: a black naga hatchling a paper golem 7 giant ants a floating eye a kitten a dwarf a homunculus a kobold lord 2 rothes a giant bat a wererat an iguana a large kobold 3 giant rats 2 cave spiders 3 green molds a gnome zombie 3 geckos 2 jackals a fox a goblin 4 sewer rats 4 grid bugs 4 bats a lichen 5 newts 54 creatures vanquished. Voluntary challenges: You had been an atheist until turn 1913. You used a wielded weapon 50 times, starting on turn 3. You read items or engraved 39 times, starting on turn 1170. You never genocided any monsters. You never polymorphed an object. You never changed form. You used no wishes. You never split a pudding. You wrote Elbereth's name 37 times, starting on turn 1172. You never violated your personal moral code. Dungeon overview: The Dungeons of Doom: levels 1 to 8 Level 1 a long staircase Level 2 some fountains Level 3 Level 4 stairs to The Gnomish Mines Level 5 many fountains Level 6 Level 8 <- You were here a fountain The Gnomish Mines: Level 5 stairs to The Dungeons of Doom History has recorded: On T:1 you entered the Dungeons of Doom to retrieve the Amulet of Yendor! On T:433 you reached level 2 of The Dungeons of Doom. On T:658 you reached level 3 of The Dungeons of Doom. On T:795 you reached level 4 of The Dungeons of Doom. On T:996 you reached level 1 of The Gnomish Mines. On T:1012 you reached level 5 of The Dungeons of Doom. On T:1088 you advanced to experience level 2. On T:1104 you advanced to experience level 3. On T:1410 you advanced to experience level 4. On T:1792 you reached level 6 of The Dungeons of Doom. On T:1832 you reached level 8 of The Dungeons of Doom. On T:1875 you advanced to experience level 5. Score breakdown: Gold: 715 ( 9711 points) Experience: 5 levels (11141 points) Exploration: 8 levels ( 15.69%) (11224 points) Discoveries: 2 items ( 0.82%) ( 2710 points) Valuables value: (no points given unless you survive) Artifact value: 0 ( 0 points) Variety of kills: 26 monsters ( 6.82%) ( 7836 points) Turncount: 1927 turns ( 0 points) Survival: died (score multiplied by 80%) Total score: 34097 Latest messages: You miss the werewolf. The werewolf misses. You miss the werewolf. The werewolf bites! You miss the werewolf. The werewolf summons help! The werewolf bites! You feel feverish. You hit the werewolf. The wolf bites! The werewolf summons help! You feel hemmed in. The werewolf misses. You miss the werewolf. The wolf bites! The werewolf summons help! You feel hemmed in. The werewolf misses. You miss the werewolf. The wolf bites! The werewolf bites! You die... Final status: Farvel Vera the Valkyrie, killed by a werewolf... You died in The Dungeons of Doom on dungeon level 8 with 34097 points, and 715 pieces of gold, after 1927 moves. You were level 5 with a maximum of 47 hit points when you died.